TOP OF THE 1ST |
Havana Rollers batting - Pitching for Chattanooga Chinpokomon : RHP Claudio Romero
|
Pitching: RHP Claudio Romero
|
|
Batting: LHB Marvin Nichols
|
0-0: Called Strike 0-1: Foul Ball, location: 2F 0-2: Strikes out looking
|
Batting: RHB Soshu Nakamura
|
0-0: Ball 1-0: Ground out 6-3 (Groundball, 6)
|
Batting: RHB Tommy Davenport
|
0-0: Called Strike 0-1: Ball 1-1: Called Strike 1-2: SINGLE (Flyball, 78S)
|
Batting: LHB Enrique Cortéz
|
0-0: Called Strike 0-1: Ball 1-1: Foul Ball, location: 2F 1-2: Foul Ball, location: 2F 1-2: SINGLE (Groundball, 34S) (infield hit) Tommy Davenport to second
|
Batting: LHB Jimmy Husted
|
0-0: Ball 1-0: Ball 2-0: Ball 3-0: Base on Balls Tommy Davenport to third Enrique Cortéz to second
|
Batting: SHB Yasuhiro Ikarashi
|
0-0: Foul Ball, location: 2F 0-1: Ball 1-1: Ball 2-1: Foul Ball, location: 2F 2-2: SINGLE (Flyball, 7LS) Tommy Davenport scores Enrique Cortéz to third Jimmy Husted to second Runner from 3rd tries for Home, SAFE, no throw
|
Batting: LHB Shiro Ueno
|
0-0: Ball 1-0: Ball 2-0: Ball 3-0: Called Strike 3-1: Foul Ball, location: 2F 3-2: Base on Balls Jimmy Husted to third Yasuhiro Ikarashi to second
|
Batting: RHB Chad Case
|
0-0: Ball 1-0: Called Strike 1-1: Swinging Strike 1-2: Ball 2-2: Strikes out swinging
|
Top of the 1st over - 2 runs, 3 hits, 0 errors, 3 left on base; Havana 2 - Chattanooga 0 |
BOTTOM OF THE 1ST |
Chattanooga Chinpokomon batting - Pitching for Havana Rollers : RHP Ron Jenkins
|
Pitching: RHP Ron Jenkins
|
|
Batting: RHB Carlos López
|
0-0: Called Strike 0-1: Ball 1-1: Ball 2-1: Ground out 6-3 (Groundball, 6S)
|
Batting: LHB Ramiro Muñóz
|
0-0: DOUBLE (Groundball, 5L)
|
Batting: RHB Tom Hicks
|
0-0: Swinging Strike 0-1: Ground out 5-3 (Groundball, 56S) Ramiro Muñóz to third
|
Batting: LHB José Costa
|
0-0: Swinging Strike 0-1: Foul Ball, location: 2F 0-2: Strikes out swinging
|
Bottom of the 1st over - 0 runs, 1 hit, 0 errors, 1 left on base; Havana 2 - Chattanooga 0 |
TOP OF THE 2ND |
Havana Rollers batting - Pitching for Chattanooga Chinpokomon : RHP Claudio Romero
|
Batting: RHB Ken MacDonald
|
0-0: Called Strike 0-1: Ball 1-1: Called Strike 1-2: Foul Ball, location: 2F 1-2: Ground out 4-3 (Groundball, 4)
|
Batting: LHB Marvin Nichols
|
0-0: Ball 1-0: Ball 2-0: Foul Ball, location: 2F 2-1: Called Strike 2-2: Ball 3-2: SINGLE (Groundball, P) (infield hit)
|
Batting: RHB Soshu Nakamura
|
0-0: Ball 1-0: Called Strike 1-1: Swinging Strike 1-2: Foul Ball, location: 2F 1-2: Strikes out swinging Throwing error on steal attempt, E2 Marvin Nichols to third
|
Batting: RHB Tommy Davenport
|
0-0: Swinging Strike 0-1: SINGLE (Groundball, 4D) Marvin Nichols scores
|
Batting: LHB Enrique Cortéz
|
0-0: Called Strike 0-1: Foul Ball, location: 2F 0-2: Ground out U3 (Groundball, 3)
|
Top of the 2nd over - 1 run, 2 hits, 1 error, 1 left on base; Havana 3 - Chattanooga 0 |
BOTTOM OF THE 2ND |
Chattanooga Chinpokomon batting - Pitching for Havana Rollers : RHP Ron Jenkins
|
Batting: RHB Chris Burrell
|
0-0: Ball 1-0: Ball 2-0: Ball 3-0: Base on Balls
|
Batting: RHB Jeffrey Hicks
|
0-0: Ball 1-0: Foul Ball, location: 2F 1-1: Ball 2-1: Swinging Strike 2-2: Grounds into double play, 4-6-3 (Groundball, 4M)
|
Batting: RHB Ricardo Salazar
|
0-0: Called Strike 0-1: Ball 1-1: Fly out, F8 (Flyball, 8LD)
|
Bottom of the 2nd over - 0 runs, 0 hits, 0 errors, 0 left on base; Havana 3 - Chattanooga 0 |
TOP OF THE 3RD |
Havana Rollers batting - Pitching for Chattanooga Chinpokomon : RHP Claudio Romero
|
Batting: LHB Jimmy Husted
|
0-0: Ball 1-0: Ball 2-0: Ball 3-0: Base on Balls
|
Batting: SHB Yasuhiro Ikarashi
|
0-0: Ball 1-0: SINGLE (Groundball, 4MD) Jimmy Husted to second Runner from 2nd tries for 3rd, SAFE, no throw
|
Batting: LHB Shiro Ueno
|
0-0: Ball 1-0: Foul Ball, location: 2F 1-1: Ball 2-1: SINGLE (Groundball, 34D) Jimmy Husted scores Yasuhiro Ikarashi to second Runner from 2nd tries for 3rd, SAFE, no throw
|
Batting: RHB Chad Case
|
0-0: Ball 1-0: Fly out, F7 (Flyball, 78S)
|
Batting: RHB Ken MacDonald
|
0-0: Ball 1-0: Foul Ball, location: 2F 1-1: Fielders Choice at 2nd, 5-4 (Groundball, 56) Yasuhiro Ikarashi scores
|
Batting: LHB Marvin Nichols
|
0-0: Ball 1-0: Foul Ball, location: 2F 1-1: Foul Ball, location: 2F 1-2: Fly out, F8 (Line Drive, 8LS)
|
Top of the 3rd over - 2 runs, 2 hits, 0 errors, 1 left on base; Havana 5 - Chattanooga 0 |
BOTTOM OF THE 3RD |
Chattanooga Chinpokomon batting - Pitching for Havana Rollers : RHP Ron Jenkins
|
Batting: RHB Gustavo Medine
|
0-0: Ball 1-0: Called Strike 1-1: SINGLE (Line Drive, 8LS)
|
Batting: RHB Jorge Mora
|
0-0: Called Strike 0-1: Ball 1-1: Called Strike 1-2: Ground out 5-3 (Groundball, 5S) Gustavo Medine to second
|
Batting: RHB Carlos López
|
0-0: Fly out, F8 (Flyball, 78D)
|
Batting: LHB Ramiro Muñóz
|
0-0: Ball 1-0: Ball 2-0: Ball 3-0: Swinging Strike 3-1: Called Strike 3-2: Foul Ball, location: 2F 3-2: Foul Ball, location: 2F 3-2: Base on Balls
|
Batting: RHB Tom Hicks
|
0-0: Called Strike 0-1: Ball 1-1: Fielders Choice at 2nd, 6-4 (Groundball, 6)
|
Bottom of the 3rd over - 0 runs, 1 hit, 0 errors, 2 left on base; Havana 5 - Chattanooga 0 |
TOP OF THE 4TH |
Havana Rollers batting - Pitching for Chattanooga Chinpokomon : RHP Claudio Romero
|
Batting: RHB Soshu Nakamura
|
0-0: Ball 1-0: Fly out, F3 (Line Drive, 34)
|
Batting: RHB Tommy Davenport
|
0-0: Foul Ball, location: 2F 0-1: Called Strike 0-2: Ball 1-2: Foul Ball, location: 2F 1-2: Foul Ball, location: 2F 1-2: Ball 2-2: DOUBLE (Groundball, 5L)
|
Batting: LHB Enrique Cortéz
|
0-0: Ball 1-0: Ball 2-0: Ball 3-0: Called Strike 3-1: Called Strike 3-2: Fly out, F7 (Flyball, 7LS)
|
Batting: LHB Jimmy Husted
|
0-0: Ball 1-0: SINGLE (Line Drive, 34D) Tommy Davenport to third Runner from 3rd tries for Home, SAFE, throw made home
|
Batting: SHB Yasuhiro Ikarashi
|
0-0: Ball 1-0: Called Strike 1-1: Ball 2-1: Ball 3-1: Ground out 4-3 (Groundball, 4)
|
Top of the 4th over - 1 run, 2 hits, 0 errors, 1 left on base; Havana 6 - Chattanooga 0 |
BOTTOM OF THE 4TH |
Chattanooga Chinpokomon batting - Pitching for Havana Rollers : RHP Ron Jenkins
|
Batting: LHB José Costa
|
0-0: Ball 1-0: Ball 2-0: Foul Ball, location: 2F 2-1: Swinging Strike 2-2: Ball 3-2: Reached on error, E4 (Groundball, 34D)
|
Batting: RHB Chris Burrell
|
0-0: Called Strike 0-1: Ball 1-1: Called Strike 1-2: SINGLE (Line Drive, 4D) José Costa to second
|
Batting: RHB Jeffrey Hicks
|
0-0: Ball 1-0: Ball 2-0: Called Strike 2-1: Foul Ball, location: 2F 2-2: Ball 3-2: SINGLE (Line Drive, 89S) José Costa to third Chris Burrell to second Runner from 3rd tries for Home, SAFE, no throw
|
Batting: RHB Ricardo Salazar
|
0-0: Grounds into double play, 4-6-3 (Groundball, 4) Chris Burrell to third
|
Batting: RHB Gustavo Medine
|
0-0: Foul Ball, location: 2F 0-1: Ball 1-1: Swinging Strike 1-2: Ball 2-2: Foul Ball, location: 2F 2-2: Strikes out swinging
|
Bottom of the 4th over - 1 run, 2 hits, 1 error, 1 left on base; Havana 6 - Chattanooga 1 |
TOP OF THE 5TH |
Havana Rollers batting - Pitching for Chattanooga Chinpokomon : RHP Claudio Romero
|
Pitching: RHP Manuel Trujillo
|
|
Batting: LHB Shiro Ueno
|
0-0: Called Strike 0-1: Foul Ball, location: 2F 0-2: DOUBLE (Flyball, 8RXD)
|
Batting: RHB Chad Case
|
0-0: Ball 1-0: Foul Ball, location: 2F 1-1: Foul Ball, location: 2F 1-2: Ball 2-2: Ground out 3-1 (Groundball, 34) Shiro Ueno to third
|
Batting: RHB Ken MacDonald
|
0-0: Ball 1-0: DOUBLE (Line Drive, 7LD) Shiro Ueno scores
|
Batting: LHB Marvin Nichols
|
0-0: Called Strike 0-1: Ball 1-1: Ball 2-1: Foul Ball, location: 2F 2-2: Ball 3-2: Fly out, F7 (Flyball, 7)
|
Batting: RHB Soshu Nakamura
|
0-0: Ball 1-0: Called Strike 1-1: Foul Ball, location: 2F 1-2: Strikes out swinging
|
Top of the 5th over - 1 run, 2 hits, 0 errors, 1 left on base; Havana 7 - Chattanooga 1 |
BOTTOM OF THE 5TH |
Chattanooga Chinpokomon batting - Pitching for Havana Rollers : RHP Ron Jenkins
|
Batting: RHB Jorge Mora
|
0-0: Ground out 4-3 (Groundball, 4)
|
Batting: RHB Carlos López
|
0-0: Fly out, F8 (Flyball, 78D)
|
Batting: LHB Ramiro Muñóz
|
0-0: Fly out, F6 (Popup, 6)
|
Bottom of the 5th over - 0 runs, 0 hits, 0 errors, 0 left on base; Havana 7 - Chattanooga 1 |
TOP OF THE 6TH |
Havana Rollers batting - Pitching for Chattanooga Chinpokomon : RHP Manuel Trujillo
|
Batting: RHB Tommy Davenport
|
0-0: SINGLE (Flyball, 8RS)
|
Batting: LHB Enrique Cortéz
|
0-0: Fly out, F9 (Flyball, 9LM)
|
Batting: LHB Jimmy Husted
|
0-0: Ball 1-0: Ball 2-0: Called Strike 2-1: Foul Ball, location: 2F 2-2: SINGLE (Groundball, 3D) Tommy Davenport to second Runner from 2nd tries for 3rd, SAFE, no throw
|
Batting: SHB Yasuhiro Ikarashi
|
0-0: Ball 1-0: Ball 2-0: Ball 3-0: Called Strike 3-1: Base on Balls Jimmy Husted to second
|
Batting: LHB Shiro Ueno
|
0-0: Called Strike 0-1: Foul Ball, location: 2F 0-2: Hit by Pitch Tommy Davenport scores Jimmy Husted to third Yasuhiro Ikarashi to second
|
Batting: RHB Chad Case
|
0-0: Called Strike 0-1: Foul Ball, location: 2F 0-2: Ball 1-2: Strikes out swinging
|
Batting: RHB Ken MacDonald
|
0-0: Called Strike 0-1: Ball 1-1: Ball 2-1: Foul Ball, location: 2F 2-2: Strikes out swinging
|
Top of the 6th over - 1 run, 2 hits, 0 errors, 3 left on base; Havana 8 - Chattanooga 1 |
BOTTOM OF THE 6TH |
Chattanooga Chinpokomon batting - Pitching for Havana Rollers : RHP Ron Jenkins
|
Batting: RHB Tom Hicks
|
0-0: Ball 1-0: Foul Ball, location: 2F 1-1: Ball 2-1: Ball 3-1: Called Strike 3-2: Fly out, F3 (Popup, 3SF)
|
Batting: LHB José Costa
|
0-0: Called Strike 0-1: Swinging Strike 0-2: Ball 1-2: Ball 2-2: Strikes out swinging
|
Batting: RHB Chris Burrell
|
0-0: Ball 1-0: SINGLE (Flyball, 9LM)
|
Batting: RHB Jeffrey Hicks
|
0-0: Called Strike 0-1: Swinging Strike 0-2: Ball 1-2: Ball 2-2: Foul Ball, location: 2F 2-2: Ground out 4-3 (Groundball, 4)
|
Bottom of the 6th over - 0 runs, 1 hit, 0 errors, 1 left on base; Havana 8 - Chattanooga 1 |
TOP OF THE 7TH |
Havana Rollers batting - Pitching for Chattanooga Chinpokomon : RHP Manuel Trujillo
|
Batting: LHB Marvin Nichols
|
0-0: Called Strike 0-1: Ball 1-1: Foul Ball, location: 2F 1-2: Ball 2-2: Foul Ball, location: 2F 2-2: Ball 3-2: Base on Balls
|
Batting: RHB Soshu Nakamura
|
0-0: Ball 1-0: Ball 2-0: 2-RUN HOME RUN (Flyball, 7LD), Distance : 349 ft
|
Batting: RHB Tommy Davenport
|
0-0: Ground out 1-3 (Groundball, 13S)
|
Batting: LHB Enrique Cortéz
|
0-0: Ball 1-0: Foul Ball, location: 2F 1-1: Foul Ball, location: 2F 1-2: Ball 2-2: Fly out, F5 (Line Drive, 56)
|
Batting: LHB Jimmy Husted
|
0-0: Ball 1-0: Ball 2-0: Fly out, F8 (Flyball, 8RM)
|
Top of the 7th over - 2 runs, 1 hit, 0 errors, 0 left on base; Havana 10 - Chattanooga 1 |
BOTTOM OF THE 7TH |
Chattanooga Chinpokomon batting - Pitching for Havana Rollers : RHP Ron Jenkins
|
Batting: RHB Ricardo Salazar
|
0-0: Ball 1-0: Ball 2-0: Ball 3-0: Called Strike 3-1: SINGLE (Line Drive, 89M)
|
Batting: RHB Gustavo Medine
|
0-0: Foul Ball, location: 2F 0-1: Reached on error, E4 (Groundball, 4) Ricardo Salazar to second
|
Batting: RHB Jorge Mora
|
0-0: Ball 1-0: Called Strike 1-1: Called Strike 1-2: Foul Ball, location: 2F 1-2: Grounds into double play, 1-6-3 (Groundball, P) Ricardo Salazar to third
|
Batting: RHB Carlos López
|
0-0: Called Strike 0-1: Ball 1-1: Called Strike 1-2: Fly out, F8 (Flyball, 8RM)
|
Bottom of the 7th over - 0 runs, 1 hit, 1 error, 1 left on base; Havana 10 - Chattanooga 1 |
TOP OF THE 8TH |
Havana Rollers batting - Pitching for Chattanooga Chinpokomon : RHP Manuel Trujillo
|
Batting: SHB Yasuhiro Ikarashi
|
0-0: Foul Ball, location: 2F 0-1: Swinging Strike 0-2: Ball 1-2: Foul Ball, location: 2F 1-2: Foul Ball, location: 2F 1-2: Fly out, F8 (Flyball, 8LS)
|
Pitching: LHP Bob Quested
|
|
Batting: LHB Shiro Ueno
|
0-0: Called Strike 0-1: Foul Ball, location: 2F 0-2: Ball 1-2: Foul Ball, location: 2F 1-2: Foul Ball, location: 2F 1-2: Ball 2-2: Fly out, F8 (Flyball, 78XD)
|
Batting: RHB Chad Case
|
0-0: Ball 1-0: Called Strike 1-1: Ball 2-1: Swinging Strike 2-2: Strikes out swinging
|
Top of the 8th over - 0 runs, 0 hits, 0 errors, 0 left on base; Havana 10 - Chattanooga 1 |
BOTTOM OF THE 8TH |
Chattanooga Chinpokomon batting - Pitching for Havana Rollers : RHP Ron Jenkins
|
Pitching: LHP Nick Clayton
|
|
Batting: LHB Ramiro Muñóz
|
0-0: Ball 1-0: SINGLE (Line Drive, 8LS)
|
Batting: RHB Tom Hicks
|
0-0: Foul Ball, location: 2F 0-1: Called Strike 0-2: Strikes out swinging
|
Batting: LHB José Costa
|
0-0: Swinging Strike 0-1: Fly out, F8 (Flyball, 8RD)
|
Batting: RHB Chris Burrell
|
0-0: Ball 1-0: Fielders Choice at 2nd, 6-4 (Groundball, 6)
|
Bottom of the 8th over - 0 runs, 1 hit, 0 errors, 1 left on base; Havana 10 - Chattanooga 1 |
TOP OF THE 9TH |
Havana Rollers batting - Pitching for Chattanooga Chinpokomon : LHP Bob Quested
|
Batting: RHB Ken MacDonald
|
0-0: SINGLE (Groundball, 4MD)
|
Batting: LHB Marvin Nichols
|
0-0: Called Strike 0-1: Ball 1-1: Ground out 5-3 (Groundball, 56S) Ken MacDonald to second
|
Batting: RHB Soshu Nakamura
|
0-0: Ball 1-0: Ball 2-0: Ball 3-0: Foul Ball, location: 2F 3-1: Ground out 5-3 (Groundball, 5L)
|
Batting: RHB Tommy Davenport
|
0-0: Ball 1-0: Ball 2-0: DOUBLE (Line Drive, 7LM) Ken MacDonald scores
|
Batting: LHB Enrique Cortéz
|
0-0: Foul Ball, location: 2F 0-1: Fly out, F7 (Flyball, 7)
|
Top of the 9th over - 1 run, 2 hits, 0 errors, 1 left on base; Havana 11 - Chattanooga 1 |
BOTTOM OF THE 9TH |
Chattanooga Chinpokomon batting - Pitching for Havana Rollers : LHP Nick Clayton
|
Batting: RHB Jeffrey Hicks
|
0-0: Called Strike 0-1: Foul Ball, location: 2F 0-2: Strikes out looking
|
Batting: RHB Ricardo Salazar
|
0-0: Called Strike Error on foul ball, E2 0-2: Foul Ball, location: 2F 0-2: Ball 1-2: Ground out 4-3 (Groundball, 4)
|
Batting: RHB Gustavo Medine
|
0-0: Foul Ball, location: 2F 0-1: Ball 1-1: Ball 2-1: SOLO HOME RUN (Flyball, 7D), Distance : 370 ft
|
Batting: RHB Jorge Mora
|
0-0: Called Strike 0-1: Called Strike 0-2: Foul Ball, location: 2F 0-2: Ball 1-2: Strikes out looking
|
Bottom of the 9th over - 1 run, 1 hit, 1 error, 0 left on base; Havana 11 - Chattanooga 2 |
|